 Dungeon Sprint DCSS version 0.29.1-4-g47bece8355 (webtiles) character file.

Game seed: 15534160039454669967

451 sanboga the Cleaver (level 6, -7/64 HPs)
             Began as a Minotaur Berserker on Dec 10, 2022.
             Was a Believer of Trog.
             Succumbed to Sonja's poison
             ... in the Dungeon (Sprint I: "Red Sonja").
             The game lasted 00:01:28 (386 turns).

sanboga the Cleaver (Minotaur Berserker)             Turns: 386, Time: 00:01:29

Health: -7/64      AC:  2    Str: 24    XL:     6   Next: 75%
Magic:  5/5        EV: 12    Int:  4    God:    Trog [**....]
Gold:   148        SH:  0    Dex:  9    Spells: 5/5 levels left

rFire   . . .      SeeInvis .   a - +0 hand axe
rCold   . . .      Faith    .   (no shield)
rNeg    . . .      Spirit   .   b - +0 animal skin
rPois   .          Reflect  .   (helmet restricted)
rElec   .          Harm     .   (no cloak)
rCorr   .          Rampage  .   (no gloves)
Will    .....      NoTele   +   (no boots)
Stlth   +.........              (no amulet)
HPRegen 0.20/turn               (no ring)
MPRegen 0.09/turn               (no ring)

@: lethally poisoned (-7 -> -60), slowed, very slow
A: horns 2, retaliatory headbutt
a: Renounce Religion, Berserk, Trog's Hand


You were in the Dungeon.
You worshipped Trog.
Trog was pleased with you.
You visited 1 branch You collected 308 gold pieces.
You spent 160 gold pieces at shops.

Inventory:

Hand Weapons
 a - a +0 hand axe (weapon)
Armour
 b - a +0 animal skin (worn)
Wands
 i - a wand of roots (2)
Scrolls
 h - a scroll of blinking
 k - a scroll of fear {unknown}
Potions
 c - a potion of curing
 d - a potion of flight {unknown}
 e - a potion of haste
 f - 2 potions of magic
 g - a potion of berserk rage
 j - 2 potions of invisibility


   Skills:
 + Level 9.5 Fighting
 * Level 12.7 Axes
 + Level 9.0 Armour
 - Level 2.1 Dodging


You had 5 spell levels left.
You didn't know any spells.
Your spell library was empty.

Dungeon Overview and Level Annotations

Branches:
Dungeon (1/1)

Altars:
Cheibriados
Dithmenos
Elyvilon
Fedhas
Gozag
Hepliaklqana
Kikubaaqudgha
Nemelex Xobeh
Okawaru
Qazlal
Ru
Sif Muna
Trog
Uskayaw
Vehumet
Wu Jian
Yredelemnul
Zin
The Shining One

Shops:
D !

Annotations:
D Sonja


Innate Abilities, Weirdness & Mutations

You have a pair of horns on your head.
You reflexively headbutt those who attack you in melee.


Message History

The curare-tipped dart barely misses you.
Sonja struggles to escape constriction.
The grasping roots constrict Sonja.
The roots release their grip on Sonja.
Sonja barely misses you. You furiously retaliate!
You headbutt Sonja.
Sonja hits you with a +2 short sword of venom.
You are poisoned.
Sonja hits you with a +2 short sword of venom.
You are more poisoned.
Sonja hits you with a +2 short sword of venom!
You are more poisoned.
Sonja hits you with a +2 short sword of venom.
Sonja misses you.
There is a broken door, spattered with blood here.
You miss Sonja.
Sonja is heavily wounded.
You feel extremely sick. Sonja completely misses you. You furiously retaliate!
You headbutt Sonja, but do no damage. Sonja closely misses you. x2
Sonja barely misses you. You furiously retaliate!
You headbutt Sonja. Sonja barely misses you.
Sonja hits you with a +2 short sword of venom.
You are more poisoned.
You barely miss Sonja.
Sonja is heavily wounded.
* * * LOW HITPOINT WARNING * * *
You feel extremely sick.
Sonja hits you with a +2 short sword of venom.
* * * LOW HITPOINT WARNING * * *
You are more poisoned.
Sonja completely misses you.
Sonja hits you with a +2 short sword of venom.
* * * LOW HITPOINT WARNING * * *
You are more poisoned.
Aiming: Fastroot
Press: ? - help, Shift-Dir - straight line, f/p - Sonja
Aim: Sonja, wielding a +2 short sword of venom and quivering curare-tipped darts (heavily wounded)
The roots erupt in riotous growth!
Roots grab Sonja.
The grasping roots constrict Sonja!
You die...

#<.#..)..#..'..#
#..)..#..').#..+
#..#####'#####'# #
#..####..#...#.# ##!$#
#..#__####..##.#§~§.c#
#..#_____##'#_.+§§§
#⌠⌠#_.∩...'..._#§§~.c#
####_..__##_K#'# + ###
#_____###@#.#
#########.### +$.$+
#$.$# ##.## #+#


You could see Sonja (rooted).

Vanquished Creatures
  Sigmund (D)
  A yak (D)
  An ogre (D)
  A jelly (D)
  Ijyb (D)
5 creatures vanquished.

Notes
Turn   | Place    | Note
-------+----------+-------------------------------------------
     0 | D        | sanboga the Minotaur Berserker began the quest for the Orb.
     0 | D        | Reached XP level 1. HP: 19/19 MP: 0/0
     2 | D        | Noticed Ijyb
     6 | D        | Killed Ijyb
     7 | D        | Reached skill level 5 in Fighting
     7 | D        | Reached skill level 6 in Axes
     7 | D        | Reached XP level 2. HP: 29/29 MP: 1/1
    71 | D        | Noticed an ogre
    74 | D        | Killed an ogre
    75 | D        | Reached skill level 8 in Axes
    75 | D        | Reached skill level 5 in Armour
    75 | D        | Reached XP level 3. HP: 38/38 MP: 2/2
    75 | D        | Reached XP level 4. HP: 45/45 MP: 3/3
   125 | D        | Noticed Sigmund
   140 | D        | Killed Sigmund
   140 | D        | Reached ** piety under Trog
   141 | D        | Reached skill level 11 in Axes
   141 | D        | Reached XP level 5. HP: 37/56 MP: 4/4
   141 | D        | Reached XP level 6. HP: 41/62 MP: 5/5
   267 | D        | Found an ornate altar of the Wu Jian Council.
   267 | D        | Found a shimmering blue altar of Sif Muna.
   269 | D        | Found a radiant altar of Vehumet.
   299 | D        | Found Jeixien's Distillery.
   299 | D        | Found an ancient bone altar of Kikubaaqudgha.
   299 | D        | Found a hazy altar of Hepliaklqana.
   299 | D        | Found a stormy altar of Qazlal.
   299 | D        | Found a hide-covered altar of Uskayaw.
   299 | D        | Found a blossoming altar of Fedhas.
   299 | D        | Found a bloodstained altar of Trog.
   299 | D        | Found an iron altar of Okawaru.
   299 | D        | Found a basalt altar of Yredelemnul.
   299 | D        | Found a glowing golden altar of the Shining One.
   299 | D        | Found a snail-covered altar of Cheibriados.
   299 | D        | Found a sacrificial altar of Ru.
   299 | D        | Found a glowing silver altar of Zin.
   299 | D        | Found a shadowy altar of Dithmenos.
   299 | D        | Found a white marble altar of Elyvilon.
   299 | D        | Noticed a yak
   305 | D        | Killed a yak
   306 | D        | Reached skill level 12 in Axes
   306 | D        | Found an opulent altar of Gozag.
   307 | D        | Found a sparkling altar of Nemelex Xobeh.
   343 | D        | Bought 2 potions of invisibility for 160 gold pieces
   360 | D        | Noticed a centaur warrior
   360 | D        | Noticed a centaur warrior
   375 | D        | Noticed Sonja
   386 | D        | Succumbed to Sonja's poison

Illustrated notes

Levels and vault maps discovered:
D:        dungeon_sprint_1 [red_sonja_temple_1, red_sonja_temple_small_1]

Skill      XL: |  1  2  3  4  5  6 |
---------------+-------------------+-----
Fighting       | 5 6 8 9 |  9.5
Axes           | 6 8 11 12 | 12.7
Armour         | 4 5 7 9 |  9.0
Dodging        | |  2.1

Action                   |  1- 3 |  4- 6 || total
-------------------------+-------+-------++-------
Melee: Hand axe          |     5 |    13 ||    18
       Headbutt          |     2 |     4 ||     6
Invok: Berserk           |     2 |     2 ||     4
Evoke: Wand              |       |     2 ||     2
  Use: Potion            |       |     1 ||     1
Dodge: Dodged            |     1 |    14 ||    15
